 Dungeon Crawl Stone Soup version 0.30.1-4-g462c640d31 (webtiles) character file.

Game seed: 7668202858618353418

13235 Almogavar the Destroyer (level 12, -2/85 HPs)
             Began as a Human Conjurer on Sept 7, 2023.
             Was a Priest of Nemelex Xobeh.
             Slain by a four-headed hydra (10 damage)
             ... on level 1 of the Lair of Beasts.
             The game lasted 01:08:13 (14693 turns).

Almogavar the Destroyer (Human Conjurer)           Turns: 14693, Time: 01:08:15

Health: -2/85      AC:  8    Str:  9    XL:     12   Next: 30%
Magic:  29/35      EV: 15    Int: 22    God:    Nemelex Xobeh [***...]
Gold:   830        SH:  0    Dex: 17    Spells: 16/32 levels left

rFire   . . .        L - +3 great sword (freeze)
rCold   . . .        (shield currently unavailable)
rNeg    . . .        M - +0 robe {Will+}
rPois   .            n - +2 hat
rElec   .            C - +0 cloak
rCorr   .            (no gloves)
SInv    .            m - +2 pair of boots of Caofriulao {Dex+5}
Will    +....        f - amulet of magic regeneration
Stlth   +++          J - ring of wizardry
HPRegen 0.34/turn    r - ring of magical power
MPRegen 0.64/turn

%: wizardry (x1)
@: about to teleport, studying Long Blades
A: no striking features
a: Renounce Religion, Draw Escape, Draw Destruction, Draw Summoning, Triple Draw


You were on level 1 of the Lair of Beasts.
You worshipped Nemelex Xobeh.
Nemelex Xobeh was most pleased with you.
You visited 3 branches of the dungeon, and saw 13 of its levels.
You also visited: Sewer and Ossuary.

You collected 1523 gold pieces.
You spent 693 gold pieces at shops.

Inventory:

Hand Weapons
 e - a +0 rapier
 L - a +3 great sword of freezing (weapon)
Missiles
 T - 3 throwing nets
Armour
 m - the +2 pair of boots of Caofriulao (worn) {Dex+5}
   (You acquired it in an ossuary)

   Dex:       It affects your dexterity (+5).
 n - a +2 hat (worn)
 u - +0 shadow dragon scales
 w - a +0 scale mail
 z - a +0 leather armour
 A - a +1 leather armour of poison resistance
 C - a +0 cloak (worn)
 H - an orb of mayhem
 M - a +0 robe of willpower (worn)
 V - a +0 pair of boots
Magical Staves
 y - a staff of death
Jewellery
 a - an amulet of guardian spirit
 f - an amulet of magic regeneration (around neck)
 h - a +6 ring of dexterity
 o - the ring of Lonih {rF+ rC++ rCorr Dex+3}
   (You bought it in a shop on level 6 of the Dungeon)

   [ring of resist corrosion]

   Dex:       It affects your dexterity (+3).
   rF:        It protects you from fire.
   rC:        It greatly protects you from cold.
   rCorr:     It protects you from acid and corrosion.
 r - a ring of magical power (right hand)
 J - a ring of wizardry (left hand)
 R - an amulet of regeneration
 U - a ring of ice
 X - an amulet of the acrobat
Wands
 i - a wand of polymorph (9)
 B - a wand of paralysis (9)
 W - a wand of mindburst (9)
Scrolls
 c - 2 scrolls of enchant armour
 g - 5 scrolls of silence
 k - 2 scrolls of magic mapping
 p - 5 scrolls of enchant weapon
 q - 2 scrolls of fear
 t - a scroll of teleportation
 v - 2 scrolls of brand weapon
 D - 3 scrolls of fog
 E - 3 scrolls of immolation {unknown}
 K - 3 scrolls of noise {unknown}
 N - 2 scrolls of blinking {unknown}
 Q - a scroll of amnesia {unknown}
 S - a scroll of torment {unknown}
Potions
 b - 2 potions of magic
 d - 5 potions of heal wounds
 j - 2 potions of haste
 l - 3 potions of cancellation
 s - 4 potions of might
 x - 5 potions of curing
 F - 2 potions of invisibility {unknown}
 G - 4 potions of resistance
 I - 2 potions of brilliance {unknown}
 O - 2 potions of flight {unknown}
 P - 2 potions of lignification {unknown}
 Y - a potion of berserk rage {unknown}


   Skills:
 + Level 4.8 Fighting
 + Level 2.5(4.7) Short Blades
 + Level 6.1(6.4) Long Blades
 + Level 6.3 Dodging
 + Level 4.9 Stealth
 + Level 10.8 Spellcasting
 + Level 11.6 Conjurations
 + Level 1.5 Translocations
 + Level 0.8 Transmutations
 + Level 0.6 Earth Magic
 + Level 0.1 Evocations


You had 16 spell levels left.
You knew the following spells:

 Your Spells              Type           Power      Damage    Failure   Level
a - Magic Dart            Conj           100%       1d8       1%          1
b - Searing Ray           Conj           100%       2d8       1%          2
c - Dazzling Flash        Conj/Hex       74%        N/A       1%          3
d - Iskenderun's Mystic   Conj/Tloc      40%        2d9       1%          4
e - Passwall              Tmut/Erth      12%        N/A       2%          2
f - Fulminant Prism       Conj/Hex       18%        3d10      1%          4

Your spell library contained the following spells:

 Spells                   Type           Power      Damage    Failure   Level
 Apportation              Tloc           36%        N/A       1%          1
 Foxfire                  Conj/Fire      100%       2x1d9     1%          1
 Sandblast                Erth           28%        2d8       1%          1
 Shock                    Conj/Air       100%       1d9       1%          1
 Sting                    Tmut/Pois      52%        1d5       1%          1
 Stone Arrow              Conj/Erth      76%        3d11      1%          3
 Flame Wave               Conj/Fire      37%        2d10      1%          4
 Sticky Flame             Conj/Fire      37%        2d6       1%          4
 Necrotise                Necr           44%        1d6       2%          1
 Summon Small Mammal      Summ           44%        N/A       2%          1
 Inner Flame              Hex/Fire       11%        N/A       7%          3
 Tukima's Dance           Hex            12%        N/A       7%          3
 Passage of Golubria      Tloc           18%        N/A       12%         4
 Summon Forest            Summ/Tloc      7%         N/A       41%         5
 Yara's Violent Unravell  Hex/Tmut       6%         3d5       45%         5
 Summon Mana Viper        Hex/Summ       11%        N/A       50%         5
 Summon Cactus Giant      Summ           5%         N/A       96%         6


Dungeon Overview and Level Annotations

Branches:
Dungeon (11/15)            Temple (1/1) D:7            Lair (1/5) D:11
    Orc (0/2) D:9           Sewer (visited)         Ossuary (visited)

Altars:
Ashenzari
Cheibriados
Dithmenos
Elyvilon
Fedhas
Gozag
Hepliaklqana
Kikubaaqudgha
Makhleb
Nemelex Xobeh
Okawaru
Ru
Sif Muna
Trog
Uskayaw
Vehumet
Wu Jian
Xom
Yredelemnul
Zin
The Shining One

Shops:
D:6 =   D:8 (

Annotations:
D:8 2 transporters, Grum; unrecovered's ghost, novice TrNe


Message History

You climb downwards.
Welcome back to the Lair of Beasts!
The four-headed hydra bites you!
The four-headed hydra bites you but does no damage.
The four-headed hydra bites you! x2; The yak closely misses you.
The four-headed hydra bites you! x4
There is a staircase back to the Dungeon, spattered with blood here.
Unknown command.
Casting: Searing Ray (safe; 1% risk of failure)
Confirm with . or Enter, or press ? or * to list all spells.
You erupt in a blast of force!
The mystic blast hits the four-headed hydra!
The four-headed hydra is lightly wounded.
The mystic blast hits the yak!
The yak is lightly wounded.
The yak is knocked back by the mystic blast.
The four-headed hydra barely misses you.
The four-headed hydra bites you but does no damage.
The four-headed hydra misses you.
The four-headed hydra barely misses you.
Casting: Iskenderun's Mystic Blast (dangerous; 1% risk of failure)
Confirm with . or Enter, or press ? or * to list all spells.
You erupt in a blast of force!
The mystic blast hits the four-headed hydra!
The four-headed hydra is moderately wounded.
The mystic blast hits the yak.
The yak is lightly wounded.
The yak is knocked back by the mystic blast.
The four-headed hydra bites you but does no damage.
The four-headed hydra closely misses you.
The four-headed hydra bites you but does no damage.
The four-headed hydra barely misses you.
As you read the scroll of teleportation, it crumbles to dust.
You feel strangely unstable. The four-headed hydra bites you!
* * * LOW HITPOINT WARNING * * *
The four-headed hydra barely misses you.
The four-headed hydra bites you.
* * * LOW HITPOINT WARNING * * *
The four-headed hydra bites you!
You die...
Your body disappears without a glow.

########### #.........#
#........# #..Y@D...##
##........## ##..........# ##
#..........## #####
##.######.........####...###
...........................##
............................#
.............................
.........#......>............


You could see a four-headed hydra and a yak.

Vanquished Creatures
  Gastronok (D:9)
  A boulder beetle (D:11)
  2 two-headed ogres
  3 komodo dragons
  The ghost of Almogavar the Slasher, an amateur MiBe of Trog (D:6)
  A troll (D:9)
  Grinder (D:3)
  6 slime creatures (D:11)
  A shadow (D:10)
  12 yaks
  3 wyverns
  A steam dragon (D:7)
  A basilisk (D:11)
  2 acid dragons
  2 water moccasins (D:8)
  Duvessa (D:4)
  2 ice beasts
  4 sky beasts
  2 swamp drakes
  3 orc warriors (D:9)
  A black bear (D:7)
  A hornet zombie (Ossuary)
  An ogre (D:7)
  4 centaurs
  A phantom (D:6)
  4 kobold brigands
  A wyvern zombie (Ossuary)
  4 bullfrogs
  A gnoll sergeant (D:9)
  6 scorpions
  2 water moccasin zombies (Ossuary)
  9 wights
  Dowan (D:4)
  3 howler monkeys
  6 bullfrog zombies (Ossuary)
  6 centaur zombies (Ossuary)
  3 hounds
  2 jellies
  2 orc priests (D:9)
  2 sleepcaps (D:6)
  4 iguanas
  Natasha (twice) (D:3)
  Terence (D:3)
  6 orc wizards (D:9)
  4 killer bee zombies (Ossuary)
  14 mummies (Ossuary)
  2 howler monkey zombies (Ossuary)
  12 adders
  8 gnolls
  4 river rats (Sewer)
  A shadow imp (D:5)
  3 white imps
  4 worms
  4 dart slugs
  32 orcs
  8 ball pythons
  3 bats
  2 endoplasms
  7 giant cockroaches
  7 goblins
  8 hobgoblins
  6 jackals
  4 quokkas
  9 frilled lizards
  21 kobolds
  7 rats
  A spectral orc (D:3)
294 creatures vanquished.

Notes
Turn   | Place    | Note
-------+----------+-------------------------------------------
     0 | D:1      | Almogavar the Human Conjurer began the quest for the Orb.
     0 | D:1      | Reached XP level 1. HP: 13/13 MP: 3/3
    35 | D:1      | Found a faded altar of an unknown god.
   272 | D:1      | Reached XP level 2. HP: 19/19 MP: 3/5
   462 | D:1      | Learned a level 2 spell: Searing Ray
   630 | D:1      | Reached XP level 3. HP: 24/24 MP: 3/6
   678 | D:1      | You fall into a shaft and drop 1 floor!
  1797 | D:3      | Reached XP level 4. HP: 30/30 MP: 7/7
  2127 | D:3      | Noticed Terence
  2142 | D:3      | Killed Terence
  2312 | D:3      | Noticed Grinder
  2379 | D:3      | Paralysed by Grinder for 2 turns
  2394 | D:3      | Paralysed by Grinder for 3 turns
  2402 | D:3      | Killed Grinder
  2403 | D:3      | Reached skill level 1 in Short Blades
  2403 | D:3      | Reached skill level 5 in Conjurations
  2403 | D:3      | Reached XP level 5. HP: 36/36 MP: 10/10
  2403 | D:3      | Reached XP level 6. HP: 42/42 MP: 11/11
  2513 | D:3      | Noticed Natasha
  2519 | D:3      | Killed Natasha
  2529 | D:3      | Noticed Natasha
  2532 | D:3      | Killed Natasha
  2856 | D:3      | Found a basalt altar of Yredelemnul.
  3036 | D:4      | Reached XP level 7. HP: 47/47 MP: 13/13
  3075 | D:4      | Noticed Dowan
  3076 | D:4      | Noticed Duvessa
  3182 | D:4      | Killed Duvessa
  3183 | D:4      | Reached skill level 6 in Conjurations
  3509 | D:4      | Found a glowing drain.
  3518 | Sewer    | Entered a sewer
  3856 | Sewer    | Reached skill level 5 in Spellcasting
  4109 | Sewer    | Learned a level 3 spell: Dazzling Flash
  4270 | D:4      | Found a glowing silver altar of Zin.
  4271 | D:4      | Found a white marble altar of Elyvilon.
  4272 | D:4      | Found a glowing golden altar of the Shining One.
  4377 | D:5      | Entered Level 5 of the Dungeon
  4378 | D:5      | Found an ancient bone altar of Kikubaaqudgha.
  4450 | D:5      | Reached XP level 8. HP: 45/53 MP: 15/15
  4563 | D:5      | Noticed a two-headed ogre
  4678 | D:5      | Reached skill level 1 in Fighting
  4966 | D:5      | Reached skill level 7 in Conjurations
  5213 | D:5      | Learned a level 4 spell: Iskenderun's Mystic Blast
  5389 | D:6      | Reached XP level 9. HP: 59/59 MP: 18/18
  5413 | D:6      | Found a runed translucent door.
  5633 | D:6      | Found Celoirgh's Jewellery Shop.
  5687 | D:6      | Reached skill level 8 in Conjurations
  5763 | D:6      | Noticed Almogavar's ghost (amateur MiBe)
  6369 | D:7      | Found a sand-covered staircase.
  6373 | Ossuary  | Entered an ossuary
  6422 | Ossuary  | Reached skill level 9 in Conjurations
  6479 | Ossuary  | Reached XP level 10. HP: 64/67 MP: 21/21
  6562 | Ossuary  | Reached skill level 1 in Long Blades
  6985 | Ossuary  | Identified 2 scrolls of acquirement
  6986 | Ossuary  | Acquired the +2 pair of boots of Caofriulao {Dex+5}
  7014 | Ossuary  | Acquired 683 gold pieces
  7085 | D:6      | Killed Almogavar's ghost
  7406 | D:4      | Killed Dowan
  7436 | D:5      | Killed a two-headed ogre
  7437 | D:5      | Reached skill level 10 in Conjurations
  7661 | D:6      | Bought the ring of Lonih {rF+ rC++ rCorr Dex+3} for 693
                  | gold pieces
  7883 | D:7      | Noticed a komodo dragon
  7888 | D:7      | Killed a komodo dragon
  7889 | D:7      | Reached skill level 5 in Dodging
  7955 | D:7      | Found a staircase to the Ecumenical Temple.
  7963 | Temple   | Entered the Ecumenical Temple
  8024 | Temple   | Became a worshipper of Nemelex Xobeh the Trickster
  8602 | D:8      | Reached skill level 5 in Long Blades
  8720 | D:8      | Identified the +3 kite shield "Feipips" {rF++}
  8855 | D:8      | Found a shimmering altar of Xom.
  8856 | D:8      | Reached * piety under Nemelex Xobeh
  8890 | D:8      | Reached XP level 11. HP: 75/75 MP: 23/23
  8898 | D:8      | Found Liwnuluq's Weapon Emporium.
  8980 | D:8      | Noticed Grum
  8986 | D:8      | Found a transporter.
  9080 | D:8      | Noticed unrecovered's ghost (novice TrNe)
  9158 | D:8      | Found a shimmering blue altar of Sif Muna.
  9167 | D:8      | Learned a level 2 spell: Passwall
  9172 | D:8      | Got Sif Muna's Quarto of the Welkin
  9174 | D:8      | Got Sif Muna's Compendium of Bolts
  9177 | D:8      | Got Sif Muna's Compendium of the Cure
  9464 | D:8      | Found a transporter.
  9477 | D:8      | Identified the ring of Giewew {rN+ Int+3}
  9669 | D:9      | Received a gift from Nemelex Xobeh
  9897 | D:9      | Noticed Gastronok
  9924 | D:9      | Killed Gastronok
 10358 | D:9      | Found a staircase to the Orcish Mines.
 10369 | D:9      | Learned a level 4 spell: Fulminant Prism
 11042 | D:10     | Entered Level 10 of the Dungeon
 11554 | D:10     | Reached skill level 11 in Conjurations
 11597 | D:10     | Reached ** piety under Nemelex Xobeh
 11766 | D:10     | Reached skill level 10 in Spellcasting
 12331 | D:11     | Noticed a two-headed ogre
 12343 | D:11     | Killed a two-headed ogre
 12636 | D:11     | Reached XP level 12. HP: 83/83 MP: 23/26
 12667 | D:11     | Found a staircase to the Lair.
 13000 | D:11     | Noticed a boulder beetle
 13597 | D:11     | Found an ancient bone altar of Kikubaaqudgha.
 13656 | D:11     | Killed a boulder beetle
 13957 | D:11     | Noticed a boulder beetle
 14317 | D:11     | Reached *** piety under Nemelex Xobeh
 14458 | Lair:1   | Entered Level 1 of the Lair of Beasts
 14532 | Lair:1   | Noticed a four-headed hydra
 14564 | Lair:1   | Reached skill level 1 in Translocations
 14693 | Lair:1   | Slain by a four-headed hydra

Illustrated notes

Levels and vault maps discovered:
D:1:      nzn_arrival_settlement, layout_basic,
          shapermc_ecumenical_altar_acropolis
D:2:      minmay_alternating_diamond, layout_basic, st_stairs_8,
          grunt_decor_fettered
D:3:      layout_basic, yredelemnul_forgotten_temple_becter, uniq_grinder,
          uniq_terence, uniq_natasha
D:4:      layout_rooms, good_gods_temple_1, cheibrodos_sewer_entry_bend,
          chequers_decorated_corner, uniq_duvessa
D:5:      layout_cave_pools, mainiacjoe_overflow_catwalk, minmay_manual_moon
D:6:      layout_cave_pools, ebering_ghost_reflecting_pool, serial_shops,
          nicolae_shop_just_a_little_nook, minmay_circle_x
D:7:      layout_cave_pools, minmay_temple_entry_overgrown, enter_ossuary_5,
          minmay_lizard_king
D:8:      layout_layer_cave, nicolae_sif_muna_little_library,
          nicolae_overflow_hidden_temple, serial_shops,
          nicolae_shop_tiny_statue_garden, gammafunk_ghost_gnarly_gnolls,
          serial_rivers, chequers_serial_rivers_large_a,
          chequers_serial_rivers_room_a, chequers_serial_rivers_room_b,
          chequers_serial_rivers_micro_a
D:9:      layout_basic, erik_orc_1, uniq_gastronok
D:10:     layout_basic
D:11:     layout_cross, erik_lair_dragon, minmay_hedge_maze,
          kiku_gazebo_garden_becter
Temple:   zaba_magenta_temple
Lair:1:   layout_hall_layers

Skill      XL: |  1  2  3  4  5  6  7  8  9 10 11 12 |
---------------+-------------------------------------+-----
Short Blades   | 1 2 |  2.5
Spellcasting   | 3 4 5 6 7 8 10 | 10.8
Conjurations   | 5 6 7 9 10 11 | 11.6
Stealth        | 3 4 |  4.9
Fighting       | 1 2 3 4 |  4.8
Dodging        | 3 5 6 |  6.3
Long Blades    | 5 6 |  6.1
Translocations | 1 |  1.5
Transmutations | |  0.8
Earth Magic    | |  0.6
Evocations     | |  0.1

Action                     |  1- 3 |  4- 6 |  7- 9 | 10-12 || total
---------------------------+-------+-------+-------+-------++-------
  Melee: Rapier            |    15 |       |    12 |       ||    27
         Punch             |       |       |     1 |       ||     1
         Great sword       |       |       |    10 |    20 ||    30
   Cast: Magic Dart        |    70 |    41 |   111 |   168 ||   390
         Searing Ray       |       |    13 |    83 |   154 ||   250
         Iskenderun's Myst |       |       |       |    16 ||    16
         Passwall          |       |       |       |     2 ||     2
         Dazzling Flash    |       |       |       |     1 ||     1
  Evoke: Wand              |       |       |       |     1 ||     1
    Use: Scroll            |     3 |       |     4 |    14 ||    21
         Potion            |       |       |     1 |     5 ||     6
   Stab: Sleeping          |     1 |       |       |       ||     1
 Armour: Robe              |     4 |     1 |    22 |    55 ||    82
         Skin              |       |       |     5 |       ||     5
  Dodge: Dodged            |    17 |     4 |    77 |   152 ||   250
